 Dungeon Crawl Stone Soup version 0.25-a0-258-g6d7e32a812 (webtiles) character file.

Game seed: 1619035661428028698, levelgen mode: deterministic

47 kae the Caller (level 3, -2/19 HPs)
             Began as a Tengu Summoner on Dec 6, 2019.
             Killed from afar by Dowan (12 damage)
             ... with a puff of frost
             ... on level 4 of the Dungeon.
             The game lasted 00:03:16 (2925 turns).

kae the Caller (Tengu Summoner)                     Turns: 2925, Time: 00:03:17

Health: -2/19      AC:  2    Str:  8    XL:     3   Next: 70%
Magic:  0/7        EV: 12    Int: 16    God:
Gold:   277        SH:  0    Dex: 14    Spells: 1/7 levels left

rFire    . . .     SeeInvis .   b - +2 short sword (freeze)
rCold    . . .     Gourm    .   (no shield)
rNeg     . . .     Faith    .   a - +0 robe
rPois    .         Spirit   +   (helmet restricted)
rElec    .         Reflect  .   i - scarf {Spirit}
rCorr    .         Harm     .   (no gloves)
MR       .....                  (boots unavailable)
Stlth    ++........             (no amulet)
HPRegen  0.06/turn              (no ring)
MPRegen  0.10/turn              (no ring)

@: no status effects
A: beak, talons 3
a: no special abilities


You were on level 4 of the Dungeon.
You were not hungry.

You visited 2 branches of the dungeon, and saw 5 of its levels.

You collected 277 gold pieces.

Inventory:

Hand Weapons
 b - a +2 short sword of freezing (weapon)
Armour
 a - a +0 robe (worn)
 d - a +0 cloak
 i - a scarf of spirit shield (worn)
Jewellery
 g - a +3 ring of protection {unknown}
 m - a +4 ring of protection {unknown}
 n - an uncursed amulet of rage {unknown}
Wands
 s - a wand of random effects (16)
Scrolls
 j - a scroll of teleportation
 k - 4 scrolls of remove curse
 p - 3 scrolls of identify {unknown}
 q - a scroll of amnesia
 r - a scroll of magic mapping
 t - a scroll of fog
Potions
 e - 2 potions of haste {unknown}
 f - 2 potions of heal wounds {unknown}
 h - a potion of degeneration {unknown}
 l - a potion of agility {unknown}
 o - 2 potions of curing {unknown}
 u - a potion of brilliance {unknown}
Comestibles
 c - 6 rations


   Skills:
 - Level 2.1 Dodging
 - Level 2.0 Stealth
 + Level 2.6 Spellcasting
 * Level 5.9 Summonings


You had one spell level left.
You knew the following spells:

 Your Spells              Type           Power        Failure   Level  Hunger
a - Summon Small Mammal   Summ           ###.         1%          1    #......
b - Call Imp              Summ           ###.....     2%          2    ##.....
c - Call Canine Familiar  Summ           ###.....     4%          3    ###....

Your spell library contained the following spells:

 Spells                   Type           Power        Failure   Level  Hunger
 Summon Guardian Golem    Hex/Summ       ##......     17%         3    ###....
 Summon Ice Beast         Ice/Summ       ##......     50%         4    #####..
 Summon Lightning Spire   Summ/Air       ##......     50%         4    #####..


Dungeon Overview and Level Annotations

Branches:
Dungeon (4/15)             Temple (1/1) D:4

Altars:
Cheibriados
Dithmenos
Fedhas
Gozag
Hepliaklqana
Kikubaaqudgha
Makhleb
Qazlal
Trog
Uskayaw
Vehumet
Wu Jian
Xom
Yredelemnul
Zin

Annotations:
D:4 Dowan, Duvessa


Innate Abilities, Weirdness & Mutations

You have a beak for a mouth.
You have claws for feet.


Message History

Dowan casts a spell at you. The puff of flame hits you.
Duvessa closely misses your crimson imp.
Your crimson imp hits Duvessa but does no damage.
Duvessa hits your crimson imp with a +0 short sword.
Your crimson imp hits Duvessa.
Duvessa hits your crimson imp with a +0 short sword.
Casting: Call Imp (safe; 2% risk of failure)
Confirm with . or Enter, or press ? or * to list all spells.
A beastly little devil appears in a puff of frigid air.
Your crimson imp hits Duvessa but does no damage.
Dowan gestures wildly while chanting.
Dowan blinks!
Duvessa hits your crimson imp with a +0 short sword.
Your crimson imp hits Duvessa.
Duvessa hits your crimson imp but does no damage.
Dowan points at you and mumbles some strange words.
The puff of frost hits you!
Ouch! That really hurt!
You die...

## ##.# .## #..# ..### #.##
##.(## ##.## ##..## ##...###
##..## ##.<....##
##..###........#
##............## ####
###........@..### ###..#
#...........e5.### ##....#
#................###.....##
##..........##...5.e§..e...#
#.......?....###...........#
#.............####.........#
##.#########....####.........
#..# ##....# #......... ####
###.## ###.......


You could see Dowan, a friendly crimson imp and a friendly white imp.

Vanquished Creatures
  2 adders (D:3)
  A dart slug (D:1)
  A leopard gecko (D:2)
  A giant cockroach (D:3)
  5 goblins
  4 hobgoblins
  A quokka (D:2)
  3 kobolds
  6 rats
24 creatures vanquished.

Vanquished Creatures (collateral kills)
  2 bats (D:3)
  A giant cockroach (D:1)
  A rat (D:1)
4 creatures vanquished.

Vanquished Creatures (others)
  4 toadstools (D:1)
4 creatures vanquished.

Grand Total: 32 creatures vanquished

Notes
Turn   | Place    | Note
-------+----------+-------------------------------------------
     0 | D:1      | kae the Tengu Summoner began the quest for the Orb.
     0 | D:1      | Reached XP level 1. HP: 10/10 MP: 4/4
    45 | D:1      | Reached skill level 5 in Summonings
   187 | D:1      | Reached XP level 2. HP: 12/15 MP: 4/6
   941 | D:2      | Found a faded altar of an unknown god.
  1480 | D:3      | Reached XP level 3. HP: 16/19 MP: 4/7
  1611 | D:3      | Learned a level 2 spell: Call Imp
  1615 | D:3      | Learned a level 3 spell: Call Canine Familiar
  1691 | D:3      | Found a blossoming altar of Fedhas.
  1912 | D:3      | Found a blossoming altar of Fedhas.
  2095 | D:4      | Found a staircase to the Ecumenical Temple.
  2148 | D:4      | Found a shimmering altar of Xom.
  2177 | Temple   | Entered the Ecumenical Temple
  2903 | D:4      | Noticed Duvessa
  2903 | D:4      | Noticed Dowan
  2925 | D:4      | Killed from afar by Dowan

Levels and vault maps discovered:
D:1:      ldierk_water_garden, layout_rooms
D:2:      layout_loops_ring, chequers_ecumenical_altar_island, first_ration
D:3:      layout_loops_ring, nicolae_overflow_hidden_temple, fountainhead,
          corner_web_ring, fedhas_ov_isle_minmay
D:4:      layout_cave_pods, xom_butterflies, minmay_temple_entry_overgrown,
          minivault_27, grunt_decor_mini_mirrors, uniq_duvessa
Temple:   oiseaux_autumnal_temple

Skill      XL: |  1 |
---------------+----+-----
Summonings     | 5 |  5.9
Dodging        | |  2.1
Stealth        | |  2.0
Spellcasting   | |  2.6

Action                   || total
-------------------------++-------
Melee: Unarmed           ||    26
       Kick              ||    12
       Peck              ||     2
       Short sword       ||    39
 Cast: Summon Small Mamm ||    10
       Call Imp          ||     5
  Use: Scroll            ||     6
 Stab: Sleeping          ||     1
  Eat: Chunk             ||     3
       Ration            ||     1
Armor: Robe              ||    12
Dodge: Dodged            ||    28

Table legend:
 A = Non-vault XP
 B = Vault XP
 C = Vault XP percentage of total XP
 D = Non-vault monster count
 E = Vault monster count
 F = Vault count percentage of total count
                 A         B        C        D         E       F
            +---------+---------+-------+---------+---------+-------
      Total |      68 |       0 |   0.0 |      28 |       0 |   0.0
            +---------+---------+-------+---------+---------+-------
        D:1 |      14 |       0 |   0.0 |       8 |       0 |   0.0
        D:2 |      11 |       0 |   0.0 |       6 |       0 |   0.0
        D:3 |      43 |       0 |   0.0 |      14 |       0 |   0.0
            +---------+---------+-------+---------+---------+-------
